 Dungeon Crawl Stone Soup version 0.22-a0-855-g415d086bb8 (webtiles) character file.

36243 Htamos the Thaumaturge (level 13, -14/88 HPs)
             Began as a Deep Elf Wizard on July 26, 2018.
             Was a High Priest of Sif Muna.
             Demolished by a sun demon (16 damage)
             ... on level 6 of the Lair of Beasts on July 27, 2018.
             The game lasted 02:43:38 (35464 turns).

Htamos the Thaumaturge (Deep Elf Wizard)           Turns: 35464, Time: 02:43:41

Health: -14/88     AC: 14    Str:  4    XL:     13   Next: 51%
Magic:  11/32      EV: 10    Int: 29    God:    Sif Muna [*****.]
Gold:   1234       SH:  0    Dex: 13    Spells: 5/38 levels left

rFire    . . .     SeeInvis .   s - -1 glaive (curse)
rCold    + . .     Gourm    +   (shield currently unavailable)
rNeg     . . .     Faith    .   G - +0 ring mail {MR+}
rPois    +         Spirit   .   m - +1 helmet
rElec    .         Reflect  .   C - +0 cloak
rCorr    .         Harm     .   S - +0 pair of gloves
MR       ++...                  g - +2 pair of boots
Stlth    +++.......             b - amulet of the gourmand
HPRegen  0.24/turn              x - ring of protection from cold
MPRegen  0.23/turn              R - ring of poison resistance

@: about to teleport
A: thin metallic scales 1, robust 1
a: Divine Energy, Channel Magic, Forget Spell, Renounce Religion


You were on level 6 of the Lair of Beasts.
You worshipped Sif Muna.
Sif Muna was extremely pleased with you.
You were completely stuffed.

You visited 4 branches of the dungeon, and saw 18 of its levels.

You collected 1234 gold pieces.

Inventory:

Hand Weapons
 k - a +1 vampiric quarterstaff
 s - a cursed -1 glaive (weapon)
 W - the cursed +3 longbow of Autumn {venom, rPois MR+ Str+5}
   (You found it on level 2 of the Lair of Beasts)

   It poisons the ammo it fires.
   It affects your strength (+5).
   It protects you from poison.
   It affects your resistance to hostile enchantments.
   It has a curse placed upon it.
Missiles
 a - a throwing net
 j - 3 poisoned javelins (quivered)
 A - 163 sling bullets
Armour
 g - a +2 pair of boots (worn)
 l - a +0 ring mail
 m - a +1 helmet (worn)
 q - a +1 robe of positive energy
 u - a +0 shield
 C - a +0 cloak (worn)
 G - a +0 ring mail of magic resistance (worn)
 S - a +0 pair of gloves (worn)
Magical Staves
 v - an uncursed staff of conjuration
 P - an uncursed staff of summoning
Jewellery
 b - an amulet of the gourmand (around neck)
 x - a ring of protection from cold (left hand)
 H - a +4 amulet of reflection
 K - an uncursed ring of flight
 M - an uncursed ring of resist corrosion
 N - an uncursed ring of ice
 R - a ring of poison resistance (right hand)
 Y - an uncursed ring of ice
Wands
 n - a wand of polymorph (17)
 p - a wand of enslavement (27)
 r - a wand of digging (17)
 t - a wand of acid (5)
 y - a wand of iceblast (13)
 V - a wand of paralysis (7)
 Z - a wand of flame (37)
Scrolls
 e - 6 scrolls of amnesia
 f - a scroll of enchant armour
 o - 3 scrolls of identify
 J - a scroll of magic mapping
 L - 4 scrolls of teleportation
 T - 6 scrolls of remove curse
Potions
 c - 2 potions of agility
 h - a potion of brilliance
 i - a potion of ambrosia {unknown}
 w - 4 potions of flight
 B - 2 potions of lignification
 D - a potion of cancellation
 E - 7 potions of curing
 F - 6 potions of might
 X - a potion of haste
Comestibles
 d - 28 rations
 O - 6 chunks of flesh


   Skills:
 + Level 9.2 Fighting
 + Level 9.2 Staves
 - Level 7.2 Dodging
 - Level 8.0 Stealth
 + Level 13.1 Spellcasting
 * Level 11.2 Conjurations
 - Level 6.0 Summonings
 - Level 1.1 Translocations
 - Level 8.0 Air Magic


You had 5 spell levels left.
You knew the following spells:

 Your Spells              Type           Power        Failure   Level  Hunger
a - Magic Dart            Conj           ####         1%          1    None
b - Blink                 Tloc           N/A          16%         2    None
c - Conjure Flame         Conj/Fire      ######..     4%          3    None
d - Spellforged Servitor  Conj/Summ      ######....   99%         7    ######.
e - Mephitic Cloud        Conj/Pois/Air  ######..     3%          3    None
f - Apportation           Tloc           ####..       11%         1    None
g - Swiftness             Chrm/Air       #####...     4%          2    None
h - Shock                 Conj/Air       ####         1%          1    None
i - Airstrike             Air            ######....   6%          4    None
j - Iskenderun's Mystic   Conj           ######..     1%          4    None
k - Lightning Bolt        Conj/Air       ######....   9%          5    #......

Your spell library contained the following spells:

 Spells                   Type           Power        Failure   Level  Hunger
 Cause Fear               Hex            ###.......   86%         4    None
 Slow                     Hex            ###.....     26%         2    None
 Invisibility             Hex            ###.....     100%        6    ####...
 Freezing Cloud           Conj/Ice/Air   ######....   88%         6    ####...
 Summon Small Mammal      Summ           ####         1%          1    None
 Animate Skeleton         Necr           N/A          17%         1    None
 Ozocubu's Refrigeration  Ice            ###.......   100%        6    ####...
 Call Imp                 Summ           ######..     1%          2    None
 Poison Arrow             Conj/Pois      ######....   95%         6    ####...
 Confusing Touch          Hex            ###...       17%         1    None
 Passwall                 Tmut/Erth      ###.....     26%         2    None
 Metabolic Englaciation   Hex/Ice        ###.......   99%         5    #......
 Static Discharge         Conj/Air       ######..     1%          3    None
 Corona                   Hex            ###....      17%         1    None
 Lee's Rapid Deconstruct  Erth           ###.......   99%         5    #......
 Conjure Ball Lightning   Conj/Air       ######....   45%         6    ####...
 Portal Projectile        Hex/Tloc       ###...       38%         3    None
 Passage of Golubria      Tloc           N/A          71%         4    None
 Leda's Liquefaction      Hex/Erth       ###.......   86%         4    None
 Darkness                 Hex            ###.......   100%        6    ####...
 Shroud of Golubria       Chrm/Tloc      ###.......   21%         2    None
 Inner Flame              Hex/Fire       ###.....     45%         3    None
 Fulminant Prism          Conj/Hex       ######....   17%         4    None
 Dazzling Spray           Conj/Hex       ######       4%          3    None
 Force Lance              Conj/Tloc      ######..     13%         4    None
 Searing Ray              Conj           ######       1%          2    None


Dungeon Overview and Level Annotations

Branches:
Dungeon (10/15)            Temple (1/1) D:4            Lair (6/6) D:8
 Shoals (0/4) Lair:4        Snake (0/4) Lair:4          Orc (1/2) D:9
  Slime: Lair:5-6

Altars:
Ashenzari
Cheibriados
Dithmenos
Elyvilon
Fedhas
Gozag
Hepliaklqana
Kikubaaqudgha
Makhleb
Okawaru
Qazlal
Ru
Sif Muna
Trog
Uskayaw
Vehumet
Wu Jian
Xom
Yredelemnul
Zin
The Shining One


Innate Abilities, Weirdness & Mutations

You are partially covered in thin metallic scales. (AC +2)
You are robust. (+10% HP)


Message History

The ice devil hits you! The ice devil freezes you! You resist.
As you read the scroll of fear, it crumbles to dust.
You assume a fearsome visage.
The sun demon is unaffected.
The ice devil is unaffected.
The ice devil hits you but does no damage.
As you read the scroll of teleportation, it crumbles to dust.
You feel strangely unstable. The sun demon hits you!!
You are engulfed in flames!
* * * LOW HITPOINT WARNING * * *
The ice devil hits you.
* * * LOW HITPOINT WARNING * * *
The ice devil freezes you! You resist.
* * * LOW HITPOINT WARNING * * *
As you read the scroll labeled COAZXI USAJA, it crumbles to dust.
Your body is wracked with pain!
* * * LOW HITPOINT WARNING * * *
It was a scroll of torment.
The sun demon hits you!
* * * LOW HITPOINT WARNING * * *
You are engulfed in flames!
You die...

#.............P.........
#....♣♣......♣♣..♣......♣
.....♣♣♣♣♣..♣♣♣♣♣♣♣♣♣..♣♣♣
..♣♣♣ ♣♣♣♣♣♣♣ ♣♣♣♣ ♣♣ ♣♣.♣♣
♣♣...♣ ♣♣♣....♣ ♣♣♣3.♣♣..♣♣♣
♣♣♣4@♣♣♣♣♣...♣♣ ♣♣..♣♣♣
♣♣...♣♣♣♣ ♣♣ ♣♣..♣♣
♣♣♣....♣♣♣. ♣....♣ ♣♣♣......
#######''###### ♣♣♣.♣♣.
#.............#########'♣♣♣♣
#....8....8...#........#♣
#...........4.4...8.8..#
###############..8.#...#


You could see a sun demon and an ice devil.

Vanquished Creatures
  Josephine (Lair:5)
  8 hydras
  2 two-headed ogres
  A tengu warrior (D:10)
  A fire crab (Lair:6)
  A wizard (Lair:6)
  Pikel (D:6)
  A cyclops (D:10)
  A black mamba (Lair:5)
  5 spiny frogs
  3 rime drakes (Lair:6)
  4 komodo dragons
  An ice devil (Lair:6)
  A queen bee (Lair:2)
  7 polar bears
  12 blink frogs
  9 hippogriffs
  Sigmund (D:4)
  4 wraiths (Lair:5)
  25 yaks
  A wyvern (Lair:6)
  2 hungry ghosts (D:8)
  3 basilisks (Lair:6)
  5 nagas (Lair:4)
  14 water moccasins
  Duvessa (D:7)
  A swamp drake (D:9)
  5 porcupines
  7 ice beasts
  3 sky beasts
  3 black bears
  15 orc warriors
  4 slaves
  5 ogres
  6 wolves
  A phantom (D:5)
  5 centaurs
  12 crocodiles
  12 bullfrogs
  Dowan (D:7)
  3 scorpions
  25 killer bees
  2 howler monkeys (D:9)
  A vampire bat (Lair:3)
  5 electric eels
  2 crimson imps
  2 jellies
  3 hounds
  13 orc priests
  2 bullfrog skeletons
  2 iguanas
  2 centaur skeletons
  Terence (D:1)
  10 orc wizards
  Natasha (thrice) (D:4)
  9 worker ants
  5 hell rats (Lair:6)
  3 hound skeletons
  Robin (D:4)
  5 gnolls
  9 adders
  A river rat (D:4)
  4 shadow imps
  2 white imps (D:9)
  2 oozes
  An adder zombie (D:5)
  2 adder skeletons
  4 worms
  A dart slug (D:4)
  An adder simulacrum (D:9)
  8 leopard geckos
  69 orcs
  8 giant cockroaches
  19 goblins
  7 hobgoblins
  6 jackals
  3 quokkas
  3 ball pythons
  17 bats
  7 frilled lizards
  3 kobolds
  2 leopard gecko simulacra (D:9)
  A leopard gecko skeleton (D:4)
  2 quokka skeletons
  A quokka zombie (D:7)
  7 rats
  A butterfly (D:4)
485 creatures vanquished.

Vanquished Creatures (collateral kills)
  A killer bee (D:10)
  A fungus (Lair:3)
2 creatures vanquished.

Vanquished Creatures (others)
  3 killer bees (Lair:2)
  An orc priest (D:4)
  19 fungi
  7 plants
30 creatures vanquished.

Grand Total: 517 creatures vanquished

Notes
Turn   | Place    | Note
-------+----------+-------------------------------------------
     0 | D:1      | Htamos the Deep Elf Wizard began the quest for the Orb.
     0 | D:1      | Reached XP level 1. HP: 10/10 MP: 7/7
   218 | D:1      | Reached XP level 2. HP: 9/15 MP: 4/9
  1198 | D:2      | Noticed Terence
  1221 | D:1      | Killed Terence
  1221 | D:1      | Reached skill level 1 in Fighting
  1221 | D:1      | Reached XP level 3. HP: 15/20 MP: 3/11
  1368 | D:2      | Found a burning altar of Makhleb.
  1389 | D:2      | Learned a level 2 spell: Blink
  1393 | D:2      | Learned a level 3 spell: Conjure Flame
  1396 | D:2      | Learned a level 2 spell: Call Imp
  1400 | D:2      | Learned a level 3 spell: Mephitic Cloud
  1747 | D:2      | Reached XP level 4. HP: 25/25 MP: 9/12
  2101 | D:2      | Found an iron altar of Okawaru.
  2322 | D:3      | Reached skill level 5 in Spellcasting
  2642 | D:3      | Found a white marble altar of Elyvilon.
  3503 | D:3      | Reached XP level 5. HP: 29/30 MP: 10/14
  3548 | D:4      | Found a staircase to the Ecumenical Temple.
  3552 | D:4      | Noticed an ogre
  3557 | Temple   | Entered the Ecumenical Temple
  3713 | Temple   | Became a worshipper of Sif Muna the Loreminder
  3982 | D:4      | Reached skill level 1 in Staves
  4381 | D:4      | Noticed Robin
  4467 | D:4      | Killed Robin
  4467 | D:4      | Reached XP level 6. HP: 36/36 MP: 12/16
  4544 | D:4      | Noticed Natasha
  4549 | D:4      | Killed Natasha
  4553 | D:4      | Found a radiant altar of Vehumet.
  4571 | D:4      | Found a bloodstained altar of Trog.
  4582 | D:4      | Noticed a slave
  4582 | D:4      | Noticed a slave
  4583 | D:4      | Noticed a slave
  4749 | D:4      | Noticed Sigmund
  4847 | D:4      | Killed Sigmund
  4847 | D:4      | Reached XP level 7. HP: 27/41 MP: 10/17
  5471 | D:4      | Noticed Natasha
  5490 | D:4      | Killed Natasha
  5490 | D:4      | Reached skill level 6 in Spellcasting
  5494 | D:4      | Noticed Natasha
  5638 | D:4      | Killed Natasha
  5705 | D:4      | Found a glowing golden altar of the Shining One.
  5808 | D:4      | Noticed Pikel
  6695 | D:4      | Found a bloodstained altar of Trog.
  6945 | D:4      | Found a glowing golden altar of the Shining One.
  6977 | D:4      | Found a staircase to the Ecumenical Temple.
  7041 | D:4      | Found a radiant altar of Vehumet.
  7240 | D:4      | Found a radiant altar of Vehumet.
  7255 | D:4      | Found a bloodstained altar of Trog.
  7270 | D:4      | Found a staircase to the Ecumenical Temple.
  7467 | D:4      | Found a glowing golden altar of the Shining One.
  7673 | D:5      | Entered Level 5 of the Dungeon
  8200 | D:5      | Reached skill level 5 in Stealth
  8870 | D:4      | Reached skill level 5 in Dodging
  8870 | D:4      | Reached XP level 8. HP: 48/48 MP: 8/19
 10227 | D:5      | You fall through a shaft for 2 floors!
 10489 | D:6      | Reached skill level 7 in Spellcasting
 11899 | D:8      | Reached skill level 5 in Fighting
 12073 | D:8      | Noticed a two-headed ogre
 12089 | D:8      | Killed a two-headed ogre
 12089 | D:8      | Reached * piety under Sif Muna
 12089 | D:8      | Reached skill level 5 in Conjurations
 12089 | D:8      | Reached XP level 9. HP: 54/54 MP: 7/22
 12617 | D:8      | Reached skill level 8 in Spellcasting
 12838 | D:8      | Found a staircase to the Lair.
 13898 | D:9      | Reached skill level 5 in Staves
 14372 | D:9      | Reached XP level 10. HP: 61/61 MP: 10/24
 15997 | D:9      | Reached ** piety under Sif Muna
 16084 | D:9      | Learned a level 1 spell: Apportation
 16087 | D:9      | Learned a level 2 spell: Swiftness
 16089 | D:9      | Learned a level 1 spell: Shock
 16183 | D:9      | Reached skill level 1 in Air Magic
 16275 | D:9      | Found a sacrificial altar of Ru.
 16296 | D:9      | Reached skill level 9 in Spellcasting
 16427 | D:9      | Noticed a two-headed ogre
 16448 | D:9      | Killed a two-headed ogre
 16917 | D:10     | Entered Level 10 of the Dungeon
 16972 | D:10     | Noticed a cyclops
 16987 | D:10     | Killed a cyclops
 17056 | D:10     | Noticed a tengu warrior
 17271 | D:10     | Killed a tengu warrior
 17271 | D:10     | Reached *** piety under Sif Muna
 17291 | D:10     | Gained mutation: You are robust. (+10% HP) [potion of mutation]
 17291 | D:10     | Gained mutation: You are partially covered in thin metallic scales. (AC +2) [potion of mutation]
 17604 | D:10     | Reached XP level 11. HP: 73/73 MP: 15/26
 18237 | D:7      | Noticed Duvessa
 18237 | D:7      | Noticed Dowan
 19072 | D:6      | Killed Pikel
 19426 | D:7      | Reached skill level 10 in Spellcasting
 19840 | D:6      | Reached skill level 5 in Air Magic
 19846 | D:6      | Learned a level 4 spell: Airstrike
 20191 | D:7      | Killed Duvessa
 20212 | D:7      | Killed Dowan
 21210 | D:9      | Reached **** piety under Sif Muna
 21328 | D:9      | Found a staircase to the Orcish Mines.
 21535 | D:10     | Noticed a fire dragon
 21931 | Orc:1    | Entered Level 1 of the Orcish Mines
 22176 | Orc:1    | Noticed an orc knight
 22356 | Orc:1    | Noticed an orc high priest
 22359 | Orc:1    | Noticed a sixfirhy
 22616 | Lair:1   | Entered Level 1 of the Lair of Beasts
 22731 | Lair:1   | Noticed a five-headed hydra
 22741 | Lair:1   | Killed a five-headed hydra
 24013 | Lair:2   | Got a smoking longbow
 24014 | Lair:2   | Identified the cursed +3 longbow of Autumn {venom, rPois MR+ Str+5} (You found it on level 2 of the Lair of Beasts)
 24788 | Lair:2   | Reached skill level 11 in Spellcasting
 25015 | Lair:2   | Reached XP level 12. HP: 80/80 MP: 12/29
 25742 | Lair:3   | Reached ***** piety under Sif Muna
 26320 | Lair:3   | Identified Kopnetsing's Disquisition on Hexes and Attacks (Sif Muna gifted it to you on level 3 of the Lair of Beasts)
 26320 | Lair:3   | Received a gift from Sif Muna
 26327 | Lair:3   | Learned a level 4 spell: Iskenderun's Mystic Blast
 26333 | Lair:3   | Learned a level 5 spell: Lightning Bolt
 27315 | Lair:4   | Learned a level 7 spell: Spellforged Servitor
 28215 | Lair:4   | Noticed a five-headed hydra
 28224 | Lair:4   | Killed a five-headed hydra
 28469 | Lair:4   | Reached skill level 12 in Spellcasting
 28671 | Lair:4   | Found a staircase to the Snake Pit.
 28826 | Lair:4   | Found a staircase to the Shoals.
 29422 | Lair:4   | Upgraded the game from 0.22-a0-845-g8bfc27d406 to 0.22-a0-855-g415d086bb8
 29854 | Lair:5   | Noticed Josephine
 29879 | Lair:5   | Killed Josephine
 30999 | Lair:6   | Entered Level 6 of the Lair of Beasts
 31183 | Lair:6   | Reached skill level 5 in Summonings
 31726 | Lair:6   | Reached XP level 13. HP: 86/86 MP: 0/31
 31740 | Lair:6   | Reached skill level 10 in Conjurations
 33083 | Lair:6   | Identified Sif Muna's Handbook of Congealing Protection (Sif Muna gifted it to you on level 6 of the Lair of Beasts)
 33083 | Lair:6   | Received a gift from Sif Muna
 34349 | Lair:6   | Reached skill level 13 in Spellcasting
 35392 | Lair:6   | Found a burning altar of Makhleb.
 35464 | Lair:6   | HP: 2/88 [sun demon (14)]
 35464 | Lair:6   | Demolished by a sun demon

Vault maps used:
D:1:      minmay_arrival_split_and_join, minmay_split_cup_large
D:2:      overflow_temple_1_default, okawaru_gym_becter, uniq_terence
D:3:      overflow_temple_1_default
D:4:      kennysheep_mini_moat, kennysheep_little_box, lemuel_round_altar,
          minmay_temple_entry_butterflies, gup_sewer_entry_bowl, uniq_natasha,
          uniq_robin, uniq_pikel, uniq_sigmund
D:5:      first_ration
D:7:      grunt_ogre_cave, uniq_duvessa
D:8:      grunt_lair_entry_orc_guard_hut
D:9:      nicolae_ru_path_of_blood, erik_orc_1, serial_ice, serial_ice_n,
          serial_ice_o, serial_ice_e, serial_ice_m, minmay_tree_intersection,
          nicolae_zen_rock_garden
D:10:     minivault_25_ag
Temple:   regret_index_temple_generic_petals
Lair:1:   infiniplex_staircase_pool
Lair:2:   special_room, serial_bayou_ford_a
Lair:3:   roderic_batcave, serial_bayou_pond_e, serial_bayou_shore_a
Lair:4:   elwin_shoals_entry_rooms, minmay_snake_entry_guardpost_medium,
          disabler_island, infiniplex_staircase_pool_2
Lair:5:   statuecave_lemuel, uniq_josephine
Lair:6:   evil_forest, minmay_slime_entry_oklob_enclosed
Orc:1:    portal_ice_cave_entry_ice_beasts, uniq_snorg

Skill      XL: |  1  2  3  4  5  6  7  8  9 10 11 12 13 |
---------------+----------------------------------------+-----
Stealth        | 3 4 5 6 7 8 |  8.0
Fighting       | 1 2 3 5 6 7 8 9 |  9.2
Dodging        | 3 4 5 6 7 |  7.2
Conjurations   | 2 3 5 6 7 8 9 11 | 11.2
Spellcasting   | 5 6 7 8 9 11 12 13 | 13.1
Staves         | 1 2 4 5 6 7 8 9 |  9.2
Air Magic      | 4 7 8 |  8.0
Summonings     | 5 6 |  6.0
Translocations | |  1.1

Action                   |  1- 3 |  4- 6 |  7- 9 | 10-12 | 13-15 || total
-------------------------+-------+-------+-------+-------+-------++-------
Melee: Dagger            |     1 |       |       |    32 |       ||    33
       Quarterstaff      |       |    35 |   263 |   153 |    10 ||   461
       Staff             |       |       |       |    16 |       ||    16
       Glaive            |       |       |       |       |    25 ||    25
Throw: Javelin           |     3 |       |       |     6 |       ||     9
 Cast: Magic Dart        |    75 |   142 |   412 |   643 |    18 ||  1290
       Conjure Flame     |     1 |       |    26 |    66 |    12 ||   105
       Mephitic Cloud    |       |     9 |    31 |    21 |       ||    61
       Blink             |       |     1 |     2 |     3 |       ||     6
       Shock             |       |       |       |    13 |       ||    13
       Airstrike         |       |       |       |   280 |   111 ||   391
       Apportation       |       |       |       |     1 |       ||     1
Invok: Divine Energy     |       |       |       |     1 |       ||     1
       Stop Divine Energ |       |       |       |     1 |       ||     1
Evoke: Wand              |       |       |       |    21 |    14 ||    35
  Use: Scroll            |     9 |     4 |     5 |    16 |     4 ||    38
       Potion            |       |       |     3 |    16 |     4 ||    23
 Stab: Sleeping          |     1 |       |     3 |       |       ||     4
       Confused          |       |     2 |    14 |       |       ||    16
  Eat: Chunk             |     2 |    10 |    18 |    58 |    11 ||    99
       Ration            |       |       |     3 |    10 |       ||    13
Armor: Robe              |     1 |    11 |    64 |    76 |     7 ||   159
       Skin              |       |       |     4 |    22 |     5 ||    31
       Leather armour    |       |       |       |    45 |       ||    45
       Ring mail         |       |       |       |       |    14 ||    14
Dodge: Dodged            |    12 |    32 |   228 |   331 |    34 ||   637
Block: Other             |       |       |    22 |    61 |       ||    83
       Reflection        |       |       |     1 |     3 |       ||     4

Table legend:
 A = Spawn XP
 B = Non-spawn XP
 C = Spawn XP percentage of total XP
 D = Spawn monster count
 E = Non-spawn monster count
 F = Spawn count percentage of total count
 G = Total turns spent on level
                    A         B        C        D         E        F      G
               +---------+---------+-------+---------+---------+-------+---------
         Total |       0 |   51776 |   0.0 |       0 |     485 |   0.0 | 35464
               +---------+---------+-------+---------+---------+-------+---------
           D:1 |       0 |      70 |   0.0 |       0 |      24 |   0.0 |  1358
           D:2 |       0 |      39 |   0.0 |       0 |      14 |   0.0 |   922
           D:3 |       0 |     347 |   0.0 |       0 |      25 |   0.0 |  2358
           D:4 |       0 |    1152 |   0.0 |       0 |      47 |   0.0 |  4306
           D:5 |       0 |     566 |   0.0 |       0 |      21 |   0.0 |  1658
           D:6 |       0 |    1604 |   0.0 |       0 |      25 |   0.0 |  2159
           D:7 |       0 |    1477 |   0.0 |       0 |      27 |   0.0 |  1341
           D:8 |       0 |    3067 |   0.0 |       0 |      32 |   0.0 |  3169
           D:9 |       0 |    4845 |   0.0 |       0 |      83 |   0.0 |  4303
          D:10 |       0 |    2136 |   0.0 |       0 |      18 |   0.0 |   628
        Lair:1 |       0 |    4862 |   0.0 |       0 |      22 |   0.0 |  1719
        Lair:2 |       0 |    2730 |   0.0 |       0 |      26 |   0.0 |  1286
        Lair:3 |       0 |    3246 |   0.0 |       0 |      24 |   0.0 |  1646
        Lair:4 |       0 |    3619 |   0.0 |       0 |      18 |   0.0 |  2181
        Lair:5 |       0 |    4908 |   0.0 |       0 |      18 |   0.0 |  2077
        Lair:6 |       0 |   16769 |   0.0 |       0 |      56 |   0.0 |  3939
         Orc:1 |       0 |     339 |   0.0 |       0 |       5 |   0.0 |   207
               +---------+---------+-------+---------+---------+-------+---------
